Map: Altitude LE

Players

Banky

  • Race: Terran Terran
  • League: Silver
  • Spawn Location: 1:00

MattBarry - Winner!

  • Race: Zerg Zerg
  • League: Gold
  • Spawn Location: 7:00

VOD

Have the link to the VOD?

Description

Time

  • Played on: Feb. 10, 2023, 1:22 p.m.
  • Length: 23:52
Show
View Real Time Build Order
Export as new Build Order

Banky Terran 

Build Orders:  

Get SALT Encoding   

  12  0:04  SCV  
  13  0:16  SCV  
  14  0:23  Supply Depot  
  14  0:28  SCV  
  15  0:36  Refinery  
  15  0:45  SCV  
  15  0:49  Supply Depot  
  17  0:57  SCV  
  17  1:09  SCV  
  18  1:12  Supply Depot  
  18  1:21  SCV  
  19  1:30  Refinery  
  19  1:33  SCV  
  19  1:34  Barracks  
  20  1:45  SCV  
  20  1:46  Engineering Bay  
  21  1:57  SCV  
  22  2:09  SCV  
  23  2:21  SCV  
  24  2:23  Factory  
  24  2:29  Terran Infantry Weapons Level 1  
  24  2:33  SCV  
  25  2:46  SCV  
  26  3:06  Barracks Reactor  
  26  3:13  Factory Tech Lab  
  26  3:17  Starport  
  26  3:20  SCV  
  26  3:23  Command Center  
  27  3:32  SCV  
  28  3:37  Siege Tank  
  31  3:43  Marine x2  
  31  3:44  SCV  
  34  3:58  Medivac  
  36  4:09  Siege Tank  
  39  4:16  Orbital Command  
  39  4:23  Terran Infantry Armor Level 1  
  39  4:33  Armory  
  39  4:37  Refinery  
  31  4:55  Siege Tank  
  34  5:06  Orbital Command  
  34  5:09  Marine  
  34  5:12  Marine  
  36  5:27  Marine  
  37  5:30  Marine  
  37  5:34  Supply Depot  
  38  5:39  Supply Depot  
  38  5:42  Terran Ship Weapons Level 1  
  38  5:55  Marine x2  
  38  5:56  Medivac  
  42  5:59  SCV  
  43  6:05  Refinery  
  43  6:08  SCV  
  44  6:13  Siege Tank  
  48  6:20  SCV  
  47  6:32  SCV  
  47  6:35  Supply Depot  
  47  6:37  Supply Depot  
  47  6:40  Hi-Sec Auto Tracking  
  47  6:44  SCV, Starport Tech Lab  
  48  6:48  Marine  
  48  6:49  Marine  
  50  6:56  SCV  
  51  7:09  Siege Tank  
  54  7:17  Armory  
  54  7:20  Fusion Core  
  46  7:48  Orbital Command  
  44  8:10  Terran Ship Weapons Level 2  
  44  8:12  Command Center  
  44  8:13  Terran Vehicle Weapons Level 1  
  44  8:21  SCV  
  45  8:32  Siege Tank  
  45  8:33  SCV  
  49  9:02  Missile Turret  
  49  9:08  Siege Tank  
  52  9:26  Missile Turret  
  52  9:28  Orbital Command  
  52  9:32  Barracks Reactor  
  52  9:50  SCV  
  53  10:02  SCV  
  54  10:07  Missile Turret, Terran Vehicle And Ship Armor Level 1  
  54  10:14  SCV  
  55  10:26  SCV  
  53  10:43  Command Center  
  53  10:47  Missile Turret  
  53  11:17  Missile Turret  
  52  11:37  Marine x2  
  54  11:47  Missile Turret  
  54  11:48  Missile Turret  
  54  11:51  Missile Turret  
  54  11:54  Missile Turret  
  54  11:55  Marine x2  
  54  11:58  Missile Turret, Orbital Command  
  54  12:00  Bunker  
  54  12:01  Bunker  
  56  12:05  Missile Turret  
  56  12:13  Marine x2  
  58  12:30  Marine x2  
  60  12:44  Refinery  
  60  12:48  Marine x2, Refinery  
  62  12:52  Missile Turret  
  62  12:59  Missile Turret  
  62  13:01  Missile Turret  
  62  13:12  Missile Turret, Terran Infantry Weapons Level 2  
  62  13:15  Terran Ship Weapons Level 3  
  62  13:18  Missile Turret  
  62  13:54  Missile Turret  
  62  14:09  Orbital Command  
  62  14:15  Missile Turret  
  62  14:23  Battlecruiser  
  68  14:39  Siege Tank  
  70  15:37  Battlecruiser  
  76  15:43  Starport  
  76  15:46  Starport  
  76  15:48  Weapon Refit  
  76  15:49  Starport  
  76  15:51  Terran Vehicle Weapons Level 2  
  76  15:57  SCV  
  76  16:04  Missile Turret  
  77  16:09  Missile Turret, SCV  
  78  16:15  Missile Turret  
  78  16:19  Missile Turret  
  78  16:28  Starport Tech Lab x2  
  78  16:29  Starport Tech Lab  
  78  16:36  Missile Turret  
  78  16:38  SCV  
  78  16:39  Missile Turret  
  79  16:42  Battlecruiser  
  85  17:07  Command Center  
  85  17:10  Refinery  
  85  18:03  Raven  
  87  18:14  Command Center  
  87  18:16  SCV x3  
  87  18:19  Battlecruiser  
  96  18:20  Refinery  
  96  18:28  SCV, Command Center  
  97  18:39  Missile Turret  
  97  18:47  Battlecruiser  
  103  18:51  SCV  
  104  19:00  Missile Turret  
  104  19:03  Orbital Command, SCV  
  105  19:32  SCV  
  106  19:44  SCV  
  107  19:46  Battlecruiser  
  113  19:56  SCV  
  114  20:06  Missile Turret  
  114  20:08  SCV  
  114  20:09  Missile Turret  
  115  20:14  Orbital Command  
  115  20:16  Orbital Command  
  115  20:20  Command Center  
  115  20:25  Terran Vehicle Weapons Level 3  
  115  20:27  Terran Vehicle And Ship Armor Level 2  
  115  20:30  Missile Turret  
  109  20:39  Missile Turret  
  109  20:42  Missile Turret  
  63  21:34  Missile Turret  
  63  21:47  Command Center  
  63  21:54  Orbital Command  
  63  22:15  Command Center  
  63  23:03  Missile Turret  
  39  23:29  Refinery  
Show
View Real Time Build Order
Export as new Build Order

MattBarry Zerg - Winner!

Build Orders: Hatch First, Swarm Host, Zergling Baneling 

Get SALT Encoding   

  12  0:00  Drone  
  13  0:13  Overlord  
  13  0:19  Drone  
  14  0:32  Drone x2  
  16  0:53  Hatchery, Drone  
  16  0:58  Drone  
  16  1:00  Drone  
  18  1:17  Extractor  
  17  1:19  Spawning Pool  
  17  1:21  Drone  
  17  1:23  Drone  
  18  1:34  Drone  
  19  1:42  Drone  
  20  2:00  Overlord  
  20  2:06  Queen  
  20  2:07  Queen  
  24  2:09  Zergling x2  
  24  2:11  Zergling x2  
  26  2:19  Drone  
  26  2:20  Metabolic Boost  
  26  2:21  Drone  
  28  2:33  Zergling x4  
  30  2:49  Queen  
  30  2:50  Queen  
  34  2:54  Baneling Nest  
  34  2:57  Drone x2  
  35  2:59  Overlord  
  35  3:11  Overlord  
  35  3:13  Zergling x2  
  35  3:15  Overlord  
  36  3:20  Evolution Chamber  
  36  3:23  Extractor  
  34  3:43  Zergling x10, Roach Warren  
  38  3:55  Baneling x8  
  38  4:13  Drone x3  
  38  4:14  Drone  
  42  4:17  Spore Crawler  
  42  4:23  Spore Crawler  
  38  4:36  Zergling x6  
  35  4:45  Drone x3  
  36  4:58  Pneumatized Carapace  
  36  5:22  Hatchery  
  35  5:40  Drone  
  35  5:41  Roach  
  35  5:42  Roach x5  
  48  5:43  Drone  
  48  5:45  Drone  
  50  6:01  Lair, Drone x2  
  50  6:02  Drone  
  53  6:11  Drone x2  
  53  6:12  Drone  
  53  6:13  Drone  
  57  6:35  Drone  
  57  6:36  Drone x5  
  57  6:37  Drone x2, Overlord  
  69  7:01  Roach x4  
  69  7:03  Zergling x2  
  69  7:04  Overlord x3  
  74  7:22  Zergling x8  
  78  7:24  Overlord  
  74  7:50  Glial Reconstitution  
  74  8:06  Drone x3  
  74  8:07  Infestation Pit, Nydus Network, Drone x6  
  74  8:08  Drone x5  
  74  8:11  Queen x3  
  92  8:25  Extractor  
  92  8:26  Extractor  
  90  8:29  Drone x3  
  90  8:30  Overlord x3  
  93  8:35  Extractor  
  93  8:36  Zerg Ground Armor Level 1  
  93  8:40  Extractor  
  91  8:43  Evolution Chamber  
  90  9:05  Swarm Host x2, Overlord  
  90  9:06  Swarm Host  
  102  9:14  Zerg Missile Weapons Level 1  
  102  9:37  Swarm Host x3  
  117  9:45  Burrow  
  117  10:05  Hatchery  
  116  10:46  Nydus Canal  
  116  10:51  Nydus Network  
  116  10:52  Drone  
  116  10:53  Drone x5, Overlord x3  
  116  10:54  Drone x4  
  125  11:11  Zerg Ground Armor Level 2  
  125  11:23  Queen  
  127  11:34  Overseer  
  127  11:36  Overseer  
  127  11:52  Drone x4  
  127  11:53  Drone  
  132  11:57  Extractor, Overlord x2  
  132  11:58  Queen, Overlord  
  132  11:59  Roach x2, Extractor  
  132  12:00  Roach x5  
  132  12:01  Roach  
  148  12:05  Centrifugal Hooks  
  148  12:12  Hydralisk Den  
  147  12:55  Overseer  
  147  13:12  Overseer  
  147  13:14  Overseer  
  147  13:31  Nydus Canal  
  147  13:41  Overlord x5  
  147  13:43  Roach x8  
  147  13:44  Roach x4  
  171  13:56  Nydus Canal  
  171  13:57  Nydus Canal  
  171  14:11  Nydus Canal  
  171  14:15  Nydus Canal  
  151  15:17  Spire  
  138  15:30  Zerg Missile Weapons Level 2  
  138  15:32  Muscular Augments  
  138  15:46  Drone  
  138  15:47  Drone x2  
  141  16:10  Hatchery  
  140  16:15  Overseer  
  140  16:16  Overseer  
  140  16:19  Hatchery  
  139  16:31  Hive  
  139  16:32  Hatchery  
  138  16:44  Grooved Spines  
  138  16:57  Corruptor x3  
  138  16:58  Corruptor x5  
  138  16:59  Corruptor x4  
  162  17:17  Corruptor x3  
  162  17:18  Corruptor x5  
  178  17:43  Greater Spire  
  178  18:10  Zerg Melee Weapons Level 1  
  178  18:17  Zerg Missile Weapons Level 3  
  178  18:56  Lurker Den  
  178  18:58  Brood Lord x3  
  178  18:59  Brood Lord x8  
  159  21:06  Corruptor x6  
  159  21:07  Corruptor x14  
  121  21:49  Corruptor x6  
  121  21:50  Corruptor x3  
  121  21:53  Brood Lord x4  
  121  21:54  Brood Lord x7  
  155  21:55  Corruptor, Brood Lord  
  155  21:56  Corruptor x5  
  175  22:25  Extractor  
  175  22:29  Extractor  
  173  22:32  Extractor  
  173  22:36  Extractor  
  171  22:40  Zergling x40  
  171  22:42  Extractor  
  171  22:43  Extractor  
  189  23:01  Corruptor x5  
Tags
 
Add a new tag
Caveats
  • Supply blocks, unpowered buildings, or Contaminate may cause inaccurate times.
  • Supply counts are checked every 10 seconds.